[Event "87th Spanish Championship 2022"]
[Site "Linares"]
[Date "2022.08.11"]
[Round "1.1"]
[White "Pomes Marcet, Juan"]
[Black "Santos Latasa, Jaime"]
[Result "0-1"]
[ECO "E46"]
[WhiteElo "2233"]
[BlackElo "2675"]
[Annotator "TA"]
[PlyCount "80"]
[EventDate "2022.08.11"]
[EventType "swiss"]
[EventCountry "ESP"]
[SourceTitle "playchess.com"]
[Source "ChessBase"]
[SourceQuality "1"]
[TimeControl "5400+30"]

1. d4 Nf6 2. c4 e6 3. Nc3 Bb4 4. e3 O-O 5. Nge2 Re8 6. a3 Bf8 7. g3 d5 {[%emt 0:00:55] Against e4. E46: Nimzo-Indian: Rubinstein: 4 e3 0-0 5 Ne2 without early Bd3.} 8. cxd5 exd5 9. Bg2 a5 {[%emt 0:00:07] The position is equal.} 10. O-O Na6 11. Qc2 c6 12. f3 c5 {[%emt 0:00:25] [#]} 13. dxc5 $146 ({Predecessor:} 13. Rd1 cxd4 14. Nxd4 Bd7 15. g4 h6 16. Qf2 Nc5 17. Rb1 Rc8 18. Nde2 Nb3 19. Nd4 {0-1 (48) Reilly,T (2329)-Makarov,M (2525) Yerevan 2004}) 13... Nxc5 14. Rd1 Qb6 15. Nd4 {[%emt 0:07:44] Against Nb3} ({But not} 15. Nxd5 $2 Nxd5 16. Rxd5 Nb3 $19) 15... Bd7 16. g4 Ne6 17. Qf2 Bc5 18. Bf1 Rac8 19. Kh1 h6 20. a4 Bb4 21. Ncb5 Bxb5 22. Bxb5 Re7 23. Bd3 (23. Nf5 $11 {was preferrable.}) 23... g6 24. Bd2 (24. Qh4 $15 Nxd4 25. exd4) 24... Bxd2 25. Rxd2 Kg7 (25... Nxd4 $17 26. exd4 Qb4) 26. Bb5 Nxd4 27. Rxd4 Rc5 28. Rad1 Qc7 29. R4d3 Qe5 30. Kg2 (30. h4 $11) 30... Rec7 {[%emt 0:00:52] Black is more active.} (30... h5 $17 31. gxh5 (31. h3 Rec7 $15) 31... Qg5+ 32. Kh1 Qxh5) 31. Rd4 h5 {[%emt 0:01:59] White must now prevent ...hxg4.} 32. h3 hxg4 33. hxg4 Rc2 34. R1d2 Rc1 35. Rd1 (35. Be2 $15) 35... Rxd1 ({Black should play} 35... R7c2 $17 36. R1d2 Rc8) 36. Rxd1 $11 Rc8 $40 {[%emt 0:01:10][%mdl 128] Black attacks.} 37. Bf1 Qg5 {[%emt 0:02:26][%cal Of6g4] Threatens to win with ...Nxg4!} 38. Rd4 Ne4 39. Qe1 $2 ({Don't blunder} 39. fxe4 $2 Qxg4+ 40. Kh1 Rh8+ 41. Qh2 Rxh2+ 42. Kxh2 dxe4 $19) (39. Qe2 $11 {and White has nothing to worry.} Nf6 40. Qd2) 39... Rc2+ $19 40. Be2 $2 {[%emt 0:00:11] [#]} (40. Kg1 $19) 40... Qxe3 {[%emt 0:00:14] Weighted Error Value: White=0.48/Black=0.15 (very precise)} 0-1

[Event "87th Spanish Championship 2022"]
[Site "Linares"]
[Date "2022.08.11"]
[Round "1.2"]
[White "Iturrizaga Bonelli, Eduardo"]
[Black "Fernandez Camello, Alejandro"]
[Result "1-0"]
[ECO "A20"]
[WhiteElo "2619"]
[BlackElo "2199"]
[Annotator "TA"]
[PlyCount "57"]
[EventDate "2022.08.11"]
[EventType "swiss"]
[EventCountry "ESP"]
[SourceTitle "playchess.com"]
[Source "ChessBase"]
[SourceQuality "1"]
[TimeControl "5400+30"]

1. c4 e5 2. g3 c6 3. d4 e4 4. Qa4 Nf6 5. Nc3 Na6 6. Bg2 {[%emt 0:11:56] A20: English Opening: 1...e5.} (6. a3 $14) 6... Bb4 $11 7. Bg5 h6 $1 8. Bxf6 {[%emt 0:01:36] The position is equal.} Qxf6 9. e3 (9. Rd1 $11 {keeps the balance.}) 9... O-O (9... Bxc3+ $17 10. bxc3 Nc5 $1 ) 10. Nge2 d5 {[%emt 0:02:12] [#]} 11. O-O $146 ({Predecessor:} 11. a3 Bxc3+ 12. Nxc3 Nc7 13. Rc1 Qd8 14. cxd5 cxd5 15. O-O b6 16. f3 exf3 17. Bxf3 {0-1 (38) Schaller,S (2289)-Gaponenko,I (2438) Germany 2010}) 11... Be6 (11... Rd8 $11) 12. cxd5 $16 cxd5 13. Qb5 Qd8 14. Nf4 Bxc3 15. bxc3 Rb8 16. Nxe6 {[%emt 0:03:24] White is more active.} fxe6 17. c4 Nc7 18. Qb3 Rf7 19. Rac1 b5 {[%emt 0:07:28] [#]} (19... Qd6 $142) 20. cxd5 $1 exd5 21. Rc5 a5 22. a3 (22. a4 $142) 22... a4 23. Qa2 b4 (23... Qd7 $16 {was called for.}) 24. axb4 $18 Rxb4 25. Rfc1 {[%emt 0:00:25][%cal Og2e4] Black must now prevent Bxe4!} Qb8 $2 {[%emt 0:04:53] [#] This move loses the game for Black.} (25... Rb7 $16) 26. Bxe4 $1 Rb2 {[%emt 0:02:26] [#]} 27. Rxc7 $1 Rxc7 28. Qxd5+ Rf7 $2 (28... Kh8 29. Rxc7 Qxc7) 29. Qe6 {[%emt 0:01:23] Weighted Error Value: White=0.15 (very precise) /Black=0.40} 1-0

[Event "87th Spanish Championship 2022"]
[Site "Linares"]
[Date "2022.08.11"]
[Round "1.3"]
[White "Cuellar Montes, Alejandro"]
[Black "Salgado Lopez, Ivan"]
[Result "0-1"]
[ECO "B94"]
[WhiteElo "2125"]
[BlackElo "2604"]
[Annotator "TA"]
[PlyCount "110"]
[EventDate "2022.08.11"]
[EventType "swiss"]
[EventCountry "ESP"]
[SourceTitle "playchess.com"]
[Source "ChessBase"]
[SourceQuality "1"]
[TimeControl "5400+30"]

1. e4 c5 2. Nf3 d6 3. d4 cxd4 4. Nxd4 Nf6 5. Nc3 a6 6. Bg5 Nbd7 7. Bc4 Qb6 {[%emt 0:00:19] B94: Sicilian Najdorf: 6 Bg5 Nbd7.} 8. Bb3 e6 9. Qd2 Be7 {[%emt 0:00:20] The position is equal.} 10. O-O-O Nc5 11. f3 {[%emt 0:00:13] 11.Rhe1 is more fashionable.} Qc7 12. Kb1 $36 {[%emt 0:01:02][%mdl 2048] White is pushing.} Rb8 13. h4 b5 {[%emt 0:01:19] [#]} 14. a3 $146 ({Predecessor:} 14. g4 Bd7 15. Nf5 exf5 16. Bxf6 Nxb3 17. axb3 Bxf6 18. Nd5 Qc6 19. Nxf6+ gxf6 20. Qh6 {½-½ (29) Binas,J (2115)-Cvak,R (2271) ICCF email 2014}) 14... Qb7 (14... Bd7 $15) 15. Rhe1 (15. Qe2 $5 ) 15... Bd7 {[%emt 0:12:39] [#]} (15... h6 $11 16. Bxf6 Bxf6) 16. g4 (16. Nf5 $1 $14 exf5 17. Bd5 (17. exf5 Bxf5 18. Bxf6 gxf6 $15)) 16... O-O (16... b4 $11 17. axb4 Qxb4) 17. h5 $14 h6 $2 {[%emt 0:07:59] [#]} ({Black should try} 17... b4 $14 18. axb4 Qxb4) 18. Bxh6 $1 $18 Nxb3 (18... Kh7 19. Bg5) 19. cxb3 (19. Nxb3 gxh6 20. Qxh6 Rfc8) 19... Nh7 20. Be3 b4 21. axb4 {[%emt 0:02:28] aiming for g5.} Qxb4 (21... f6 {is a better defense.} 22. Qc2 Rf7) 22. g5 $1 Rfc8 23. g6 fxg6 (23... Nf8 $142 24. Nf5 Bf6) 24. hxg6 {[%emt 0:00:05] Black must now prevent Qh2.} Nf8 25. Nf5 $2 Bf6 $16 {[%emt 0:02:28] [#]} (25... exf5 $2 26. Nd5 Re8 27. Nxb4 $18) (25... Nxg6 $2 26. Rg1 (26. Nxe7+ Nxe7 27. Rg1 Qxb3 $16) 26... Bf8 27. Rxg6 $18) 26. e5 (26. Bd4 $1 $16 {Bxf6 is the strong threat.} exf5 27. Bxf6 gxf6 28. Rh1 Qxb3 29. Nd5 Qc2+ 30. Qxc2 Rxc2 31. Nxf6+ (31. Kxc2 Ba4+ 32. Kc3 Bxd1 $16) (31. Ne7+ Kg7 $16) 31... Kg7 32. Nh5+ Kg8 33. Nf6+ (33. Kxc2 Ba4+ 34. Kc3 Rc8+ 35. Kb4 Bxd1 $16) 33... Kg7 34. Nh5+ Kg8 35. Nf6+ (35. Kxc2 Ba4+ 36. Kc1 Rc8+ 37. Kb1 Bc2+ 38. Ka2 Bxd1 $16)) 26... dxe5 $14 27. Nd6 Rc7 28. Nce4 Qxd2 {[%emt 0:04:09] Dancing on a razor blade.} (28... Qxb3 $2 29. Nxf6+ gxf6 30. Ne4 Nxg6 31. Nxf6+ Kf7 32. Nxd7 $18) 29. Bxd2 Rxb3 30. Ba5 Ra7 $1 31. Bc3 Bc6 (31... Nxg6 $2 32. Rg1 Kh7 33. Rg4 $18) 32. Nc5 ({White should play} 32. Rg1 $11) 32... Rb8 $15 33. Bxe5 Bxf3 {[%emt 0:02:10] Hoping for ...Bxe5. This bishop pair is nice.} (33... Nxg6 $2 34. Bxf6 gxf6 35. Rg1 $18) 34. Rd4 Bxe5 ({Don't play} 34... Nxg6 35. Bxf6 gxf6 36. Rxe6 $11) 35. Rxe5 Bd5 36. Rg5 {[%emt 0:01:46] [#]} (36. Re3 $142) 36... a5 (36... Rd8 $142 $1 37. Nc4 Rc7) 37. Rf4 Rd8 38. Rf7 Raa8 39. Rxd5 exd5 $17 40. Nf5 {[%emt 0:00:04] Intending Ne7+ and mate.} Kh8 41. Rxg7 {[%emt 0:01:05][%cal Oc5e6] [#]} Rd6 {[%emt 0:02:30][%mdl 512] Against Ne6} 42. Nxd6 (42. Rf7 Rxg6) 42... Kxg7 {[%emt 0:00:08][%mdl 4096] Endgame KRN-KNN} 43. Nf5+ Kf6 44. Ne3 d4 45. Nc2 (45. g7 {was the crucial defense.} Kxg7 46. Nf5+ Kf6 47. Nxd4) 45... Rd8 $19 46. g7 Kxg7 47. Nb3 (47. Nd3 $142) 47... d3 48. Ne3 a4 49. Nc5 d2 50. Nd1 Rc8 51. Nd3 Ne6 {[%emt 0:00:56][%cal Oe6f4] ( -> ...Nf4!)} 52. b3 axb3 {[%emt 0:00:26] Black mates.} 53. Kb2 Nd4 54. N3f2 Rc2+ 55. Kb1 Nb5 {[%emt 0:00:22] What a bad dream for White.  Weighted Error Value: White=0.89/Black=0.19 (very precise)} 0-1

[Event "87th Spanish Championship 2022"]
[Site "Linares"]
[Date "2022.08.11"]
[Round "1.4"]
[White "Yuffa, Daniil"]
[Black "Garcia Gimenez, Santiago"]
[Result "1-0"]
[ECO "D90"]
[WhiteElo "2603"]
[BlackElo "2193"]
[Annotator "TA"]
[PlyCount "51"]
[EventDate "2022.08.11"]
[EventType "swiss"]
[EventCountry "ESP"]
[SourceTitle "playchess.com"]
[Source "ChessBase"]
[SourceQuality "1"]
[TimeControl "5400+30"]

1. d4 Nf6 2. c4 g6 3. Nc3 d5 4. Nf3 Bg7 5. h4 dxc4 6. e4 {[%emt 0:00:08] D90: Grünfeld: 4 Nf3 Bg7 sidelines.} c5 7. d5 b5 {[%emt 0:02:43] Prevents Qa4.} 8. h5 {[%emt 0:00:25] Black must now prevent h6. Black has an edge.} O-O (8... gxh5 9. e5 Nfd7 10. Rxh5 $16) 9. hxg6 hxg6 {[%emt 0:00:22] [#]} (9... fxg6 $11 10. Rh4 Qa5) 10. Rh4 $146 (10. Nxb5 Qa5+ 11. Nc3 Nxe4 $15) (10. Bh6 $1 $14) ({Predecessor:} 10. e5 Ng4 11. Bf4 Nd7 12. Nxb5 Qb6 13. Bxc4 a6 14. Nc3 Qxb2 15. Bd2 Qb4 16. Be2 Ndxe5 {0-1 (30) Polak,T (2545)-Plat,V (2536) Zlin 2021}) 10... b4 (10... e6 $1 $15 11. d6 Qa5) 11. Na4 $36 {[%emt 0:00:32][%mdl 2048] White fights for an advantage.} e6 12. d6 (12. Nxc5 exd5 13. Bg5 Nbd7 $19) ({White should try} 12. dxe6 $11 Qxd1+ 13. Kxd1 Bxe6 14. Nxc5) 12... Qa5 (12... c3 $1 $15) 13. Bxc4 Bd7 (13... Bb7 $1 $11) 14. b3 (14. Qd3 $1 $16) 14... Bxa4 $14 (14... Nxe4 15. Rxe4 Bxa4 16. Qd3 $16) 15. bxa4 {[%emt 0:05:30] And now Ne5 would win.} Nxe4 {[%emt 0:00:18] [#]} 16. Rxe4 $1 $18 Bxa1 17. Bh6 $2 {[%emt 0:01:29] 0x0.0005ed211a7ddp-1022s more active pieces. A strong pair of Bishops.} (17. Nh4 $1 $16 b3+ 18. Kf1) 17... Bc3+ $2 (17... Bf6 $1 $11) 18. Kf1 Nd7 {[%emt 0:08:19][%cal Od7b6] [#]} 19. Qd3 $1 {[%emt 0:07:57][%cal Oe4e6] aiming for Rxe6!} Qxa4 $2 {[%emt 0:25:33] [#]} (19... Rae8 20. Rxe6 Rxe6 21. Bxe6 Qxa4) 20. Rxe6 $1 Rae8 (20... Kh8 21. Re7) 21. Rxe8 {[%emt 0:04:29] White mates.} Rxe8 22. Qxg6+ Kh8 {[%emt 0:00:16] [#]} 23. Bg7+ $1 Bxg7 24. Qh5+ Bh6 25. Qxh6+ Kg8 {[%emt 0:00:06] [#]} 26. Bxf7+ $1 {[%emt 0:00:10][%mdl 33344] Decoy, Back Rank.  Weighted Error Value: White=0.27 (precise) /Black=0.62. Loss on time!?} 1-0

[Event "87th Spanish Championship 2022"]
[Site "Linares"]
[Date "2022.08.11"]
[Round "1.5"]
[White "Hernandez Estevez, Yudania"]
[Black "Perez Candelario, Manuel"]
[Result "0-1"]
[ECO "C70"]
[WhiteElo "2193"]
[BlackElo "2578"]
[Annotator "TA"]
[PlyCount "70"]
[EventDate "2022.08.11"]
[EventType "swiss"]
[EventCountry "ESP"]
[SourceTitle "playchess.com"]
[Source "ChessBase"]
[SourceQuality "1"]
[TimeControl "5400+30"]

1. e4 e5 2. Nf3 Nc6 3. Bb5 a6 4. Ba4 f5 5. d3 fxe4 6. dxe4 Nf6 7. Nc3 {[%emt 0:03:50] C70: Ruy Lopez: 3...a6 4 Ba4, Norwegian and Delayed Schliemann.} d6 8. Bg5 Be7 $1 9. Qd3 {[%emt 0:07:07] [#] The position is equal.} Bd7 $146 ({Predecessor:} 9... O-O 10. Bxf6 Bxf6 11. Bxc6 bxc6 12. Qc4+ Kh8 13. Qxc6 Bg4 14. Nd5 Rc8 15. Rd1 g6 {1-0 (33) Ruiz Castillo,J (2503)-Figueredo Losada,L (2346) Mexico City 2021}) 10. a3 O-O 11. Bb3+ (11. Bxf6 $5 Bxf6 12. O-O $11) 11... Kh8 12. h3 {[%emt 0:03:01] Prevents Bg4.} Qe8 13. O-O-O b5 14. Be3 Rb8 15. Nd5 Bd8 16. Nd2 (16. Nxf6 $11 {remains equal.} Bxf6 17. Kb1) 16... a5 {[%emt 0:02:00][%cal Oc6d4] White is on the road to losing.} 17. Nxf6 Bxf6 18. Nb1 {[%emt 0:03:38] [#]} (18. h4 $17 {was worth a try.}) 18... Nd4 $1 $19 19. Bd5 c6 20. Ba2 c5 21. c3 {[%emt 0:04:19] [#]} (21. h4 $142) 21... b4 $1 22. Bc4 (22. axb4 axb4) 22... Be6 23. axb4 $2 (23. cxd4 Bxc4 24. Qxc4 cxd4 $19) (23. Rde1 {is a better defense.}) 23... axb4 (23... Bxc4 $142 24. Qxc4 {[#]} axb4 $1) 24. Nd2 $2 ({Reject} 24. cxd4 Bxc4 25. Qxc4 cxd4 $19) (24. Bxe6 Qxe6 25. cxd4 cxd4 26. Kd2) 24... bxc3 25. Qxc3 Bxc4 26. Qxc4 Rb4 {[%emt 0:01:02] Threatens to win with ...Qa4.} 27. Qa6 Qe6 {[%emt 0:02:51] ...Rfb8 is the strong threat.} 28. Bxd4 exd4 ({But not} 28... Rxd4 $2 29. h4 $19) 29. Nf3 Rfb8 30. Rd2 R4b6 31. Qa4 d3 32. e5 dxe5 33. Re1 Rb4 (33... Ra6 $142 34. Re4 Rxa4 35. Rxa4 e4 36. Ra3 exf3 37. Raxd3 fxg2 38. Rg3 Qc4+ 39. Kb1 g1=Q+ 40. Rxg1 Qc3 41. Rd8+ Bxd8 42. b4 Rxb4+ 43. Ka2 Qb2#) 34. Qa3 e4 {[%emt 0:01:05] ( -> ...Qc4+)} 35. Qxd3 Qc4+ {[%emt 0:01:36] Weighted Error Value: White=1.08/Black=0.32} (35... Ra8 $142 36. Rc2 Ra1+ 37. Kd2 Rxe1) 0-1

[Event "87th Spanish Championship 2022"]
[Site "Linares"]
[Date "2022.08.11"]
[Round "1.6"]
[White "Cuenca Jimenez, Jose Fernando"]
[Black "Ramirez Diaz, Jose Ramon"]
[Result "1-0"]
[ECO "A10"]
[WhiteElo "2552"]
[BlackElo "2193"]
[Annotator "TA"]
[PlyCount "73"]
[EventDate "2022.08.11"]
[EventType "swiss"]
[EventCountry "ESP"]
[SourceTitle "playchess.com"]
[Source "ChessBase"]
[SourceQuality "1"]
[TimeControl "5400+30"]

1. c4 g6 2. Nc3 c5 3. d4 cxd4 4. Qxd4 Nf6 5. Bg5 Nc6 6. Qd2 {[%emt 0:00:12] A34: Symmetrical English: 2 Nc3, lines with ...d5.} Bg7 7. e4 d6 8. Be2 {[%emt 0:01:35] White has an edge.} Be6 {[%emt 0:02:42] [#]} 9. Rc1 $146 ({Predecessor:} 9. h4 Ne5 10. b3 Nc6 11. Rc1 h6 12. Be3 Ng4 13. Bxg4 Bxg4 14. f3 Be6 15. Nge2 {1-0 (28) Szijjarto,L (1955)-Csiszar,V (1999) Hungary 2014}) 9... O-O 10. Nf3 Qa5 11. O-O Rfc8 12. Bh6 a6 13. Bxg7 Kxg7 14. b3 b5 15. cxb5 axb5 16. Bxb5 Nxe4 17. Qb2 Nxc3 18. Rxc3 Ne5 19. Rxc8 Rxc8 20. Nxe5 Qxb5 {[%emt 0:00:36][%mdl 8192] [#] This costs Black the game.} ({Better is} 20... dxe5 $14 21. Qxe5+ Kg8) 21. Nc6+ $1 $18 f6 22. Na7 Qd5 23. Nxc8 Bxc8 {[%emt 0:00:03][%mdl 4096] Endgame KQR-KQB} 24. Qe2 Kf8 25. Qc4 Qf5 (25... Qxc4 26. bxc4 Ke8) 26. Re1 Bd7 27. Qe4 Qxe4 28. Rxe4 {[%emt 0:00:05] KR-KB} e5 29. a4 d5 (29... Ke8 $142 30. a5 Bc8) 30. Rb4 Ke7 31. a5 Kd6 32. Rb6+ Bc6 33. b4 {[%emt 0:00:03] [#] b5 would kill now.} Kc7 34. b5 Bd7 35. Rxf6 {[%emt 0:00:14] Black must now prevent b6+.} Bxb5 36. f3 Kb7 37. Rb6+ {[%emt 0:00:06] Weighted Error Value: White=0.18 (very precise) /Black=0.69} 1-0

[Event "87th Spanish Championship 2022"]
[Site "Linares"]
[Date "2022.08.11"]
[Round "1.7"]
[White "Saenz Narciso, Miguel Angel"]
[Black "Asis Gargatagli, Hipolito"]
[Result "0-1"]
[ECO "B91"]
[WhiteElo "2222"]
[BlackElo "2514"]
[Annotator "TA"]
[PlyCount "74"]
[EventDate "2022.08.11"]
[EventType "swiss"]
[EventCountry "ESP"]
[SourceTitle "playchess.com"]
[Source "ChessBase"]
[SourceQuality "1"]
[TimeControl "5400+30"]

1. e4 c5 2. Nf3 d6 3. d4 cxd4 4. Nxd4 Nf6 5. Nc3 a6 6. g3 g6 7. Bg2 Bg7 8. O-O O-O 9. h3 Nc6 10. Nde2 Rb8 11. a4 b5 12. axb5 axb5 13. Be3 b4 14. Nd5 Nd7 {[%emt 0:00:12] B70: Sicilian Dragon: 6 g3 and 6 Be2 (without a later Be3).} 15. Ra2 e6 16. Ndf4 Nf6 {[%emt 0:01:43] Black is slightly better.} (16... b3 $5 17. cxb3 Nc5 $11) 17. b3 Bb7 18. g4 Qc7 {[%emt 0:02:57] [#]} 19. Nd3 $146 ({Predecessor:} 19. g5 Nd7 20. Qd2 Rfd8 21. Rd1 Nc5 22. Nd3 Ne5 23. Nxc5 dxc5 24. Qe1 Rxd1 25. Qxd1 {0-1 (49) Cabrilo,G (2493)-Damljanovic,B (2579) Budva 2004}) 19... Rfd8 20. g5 Nd7 21. Qe1 Bc8 22. f4 Rb5 {[%emt 0:01:49][%cal Bb8b5,Bb5f5,Bf5f8][%mdl 32] Against f5} 23. Qf2 Bb7 24. h4 f5 ({Black should play} 24... h5 $11) 25. exf5 $14 Rxf5 26. Bh3 Rff8 $1 27. Bxe6+ (27. h5 $5 Rde8 28. h6 $14) 27... Kh8 28. h5 {[%emt 0:03:06] Hoping for hxg6.} Rde8 29. Bd5 {[%emt 0:04:25] Strongly threatening hxg6.} gxh5 30. f5 $2 (30. Bf3 $11 {and White has nothing to worry.}) 30... Ne7 $1 $19 31. Be6 (31. Bxb7 Nxf5 32. Ba7 Qxb7 33. Ndf4) 31... Qc6 32. Kh2 {[%emt 0:00:44] [#] Prevents Qh1+.} (32. Ng3 $142 h4 33. Nxb4 hxg3 34. Nxc6 gxf2+ 35. Bxf2 Bxc6 36. Bxd7 Bxd7 37. f6) 32... Nxf5 $1 33. Bxf5 {[%emt 0:00:36] [#]} Rxe3 $1 34. Ng3 {[%emt 0:01:16] [#]} (34. Ra6 Qd5) 34... Ne5 $1 {[%emt 0:01:12][%cal Of8f5] ( -> ...Rxf5!)} 35. Nxb4 (35. c4 Rxd3) 35... Qc3 {[%emt 0:02:00] Black mates.} 36. Kh3 h4 37. Kxh4 Nf3+ {[%emt 0:00:15] Weighted Error Value: White=1.08/Black=0.26 (precise)} (37... Qd4+ $142 38. Kh3 Ng6 39. Nd5 Qh4+ 40. Kg2 Bxd5+ 41. Qf3 Nf4+ 42. Kf2 Rxf3+ 43. Ke1 Bc3+ 44. Kd1 Rxf1+ 45. Nxf1 Qe1#) 0-1

[Event "87th Spanish Championship 2022"]
[Site "Linares"]
[Date "2022.08.11"]
[Round "1.8"]
[White "Garriga Cazorla, Pere"]
[Black "Martinez-Conde Hernandez, Carlos"]
[Result "1-0"]
[ECO "E71"]
[WhiteElo "2505"]
[BlackElo "2205"]
[Annotator "TA"]
[PlyCount "81"]
[EventDate "2022.08.11"]
[EventType "swiss"]
[EventCountry "ESP"]
[SourceTitle "playchess.com"]
[Source "ChessBase"]
[SourceQuality "1"]
[TimeControl "5400+30"]

1. d4 Nf6 2. c4 g6 3. Nc3 Bg7 4. e4 d6 5. h3 O-O 6. Be3 e5 7. d5 a5 8. g4 {[%emt 0:00:05] E71: King's Indian: 4 e4 d6 5 h3.} Na6 9. Nge2 Nd7 10. h4 {[%emt 0:11:21][%cal Bh3h4,Bh4h5][%mdl 32] White is slightly better.} Ndc5 11. Ng3 {[%emt 0:01:06] [#]} Qe8 $146 (11... c6 $14) ({Predecessor:} 11... c6 12. Be2 cxd5 13. cxd5 Bd7 14. h5 a4 15. Qd2 Rb8 16. Kf1 b5 17. Kg2 b4 {1-0 (78) Iturrizaga Bonelli,E (2637)-Amonatov,F (2624) Bhubaneswar 2019}) 12. h5 $16 Bd7 13. f3 Qe7 14. Qd2 Rfb8 15. O-O-O Na4 16. hxg6 fxg6 17. Bg5 ({White should try} 17. Qh2 $18 Kf7 18. Nb5 (18. Qxh7 $2 Rh8 $19)) 17... Qf7 (17... Bf6 $14 18. Be3 Nxc3 19. Qxc3 Rf8) 18. Nb5 Bf8 (18... Qxf3 $2 19. Qh2 Qxh1 20. Qxh1 $18) 19. Be2 (19. Qxa5 c6 20. Qxa4 cxb5 $17) 19... N4c5 (19... Be7 $16) 20. Kb1 ({But not} 20. Qxa5 $6 Rc8) 20... Nb4 (20... c6 $142) 21. Nxc7 (21. Rh2 $142) 21... Ba4 $18 {[%emt 0:00:06] Hoping for ...Bc2+.} 22. Nxa8 {[%emt 0:00:20] Really sharp! Active counter play!} Bc2+ 23. Ka1 Rxa8 {[%emt 0:02:22] [#]} 24. Be3 $1 Nb3+ (24... Qe8 25. b3) 25. axb3 {[%emt 0:00:07] aiming for Rc1.} a4 $2 {[%emt 0:00:03] Loses the game.} (25... Qe8 $16 26. Qc3 a4 27. Qxb4 axb3+ 28. Qa3 Ra4) 26. Qxb4 {[%emt 0:00:47][%cal Ob4a3] Black must now prevent Qa3!} axb3+ {[%emt 0:00:05] [#]} 27. Qa3 $3 Rxa3+ (27... Qe8 28. Rc1) 28. bxa3 Qc7 {[%emt 0:00:59] [#]} 29. Kb2 $1 Bxd1 30. Rxd1 ({Not} 30. Bxd1 Qxc4 31. Bxb3 Qd3 $14) 30... Qd8 31. Kxb3 Qh4 32. Nf1 Bh6 33. Bxh6 Qxh6 34. c5 Kf7 35. c6 bxc6 36. dxc6 {[%emt 0:00:05] Threatens to win with c7.} Ke7 37. Kb2 Kd8 38. Rc1 {[%emt 0:00:36] Threatening mate with c7+.} Kc7 39. Rc3 {[%emt 0:00:09] White mates.} Qf8 40. Ne3 Qb8+ 41. Ka2 {[%emt 0:00:12] Weighted Error Value: White=0.21 (precise) /Black=0.73} 1-0

[Event "87th Spanish Championship 2022"]
[Site "Linares"]
[Date "2022.08.11"]
[Round "1.9"]
[White "Jimenez Bernal, Francisco"]
[Black "Lopez Martinez, Josep Manuel"]
[Result "0-1"]
[ECO "D31"]
[WhiteElo "2149"]
[BlackElo "2486"]
[Annotator "TA"]
[PlyCount "104"]
[EventDate "2022.08.11"]
[EventType "swiss"]
[EventCountry "ESP"]
[SourceTitle "playchess.com"]
[Source "ChessBase"]
[SourceQuality "1"]
[TimeControl "5400+30"]

1. d4 d5 2. c4 e6 3. Nc3 c6 4. e4 Bb4 5. cxd5 exd5 6. e5 {[%emt 0:00:35] D31: Queen's Gambit Declined: Semi-Slav without ...Nf6 (+ Marshall Gambit and Noteboom) and Exchange Variation lines without ...Nf6.} Ne7 7. Nf3 Bf5 8. Bd3 {[%emt 0:01:52] White is slightly better.} Nd7 9. O-O Bxd3 10. Qxd3 {[%emt 0:00:07] [#]} Nf8 $146 ({Predecessor:} 10... O-O 11. Ng5 Ng6 12. f4 h6 13. Nxf7 Kxf7 14. Qf5+ Nf6 15. e6+ Kg8 16. Qxg6 Bxc3 17. bxc3 {1-0 (30) Ryder,A (1933)-Galerne,R (1944) ICCF email 2009}) 11. Ne2 Ne6 12. Bg5 (12. Nh4 $16) 12... h6 13. Bh4 Qd7 14. a3 Ba5 15. Bxe7 Qxe7 16. Ng3 g6 17. h4 Bb6 18. b4 a6 19. a4 h5 (19... Qxb4 20. Rab1 Qa5 21. h5 (21. Qb3 Bxd4 22. h5 Qc7 $11) 21... gxh5 22. Nf5 $18) 20. Rfd1 O-O 21. Qb3 (21. Ne2 $11) 21... Kg7 (21... f6 $15 {was preferrable.} 22. Qb1 Qg7) 22. Ne2 $11 Rad8 23. b5 axb5 24. axb5 c5 25. dxc5 Nxc5 26. Qb2 Ne4 $1 27. Ned4 Kg8 28. g3 Rc8 29. Qa3 ({White should play} 29. Rdc1 $15) 29... Qxa3 30. Rxa3 Rfe8 31. Rad3 (31. Rdd3 $17) 31... Ra8 $1 $19 {[%emt 0:00:44][%cal Bc8a8,Ba8a2,Ba2b2,Bb2b3][%mdl 32] Threatens to win with ...Ra2.} 32. Kg2 Ra2 33. Rf1 Rb2 34. Rb3 Rxb3 35. Nxb3 {[%emt 0:00:01] [#] Pair of Knights!} Rc8 $1 {[%emt 0:00:15] Black is more active.} 36. Nfd4 (36. Nbd4 $17) 36... Rc4 (36... Rc3 $19 {Hoping for ...Rd3.} 37. Re1 {[#]} Nxf2 $1 ) 37. Rd1 $17 Rb4 38. Rd3 Kf8 39. f3 Nc5 (39... Bxd4 $17 40. Nxd4 Rb2+ 41. Kg1 Nxg3) 40. Nxc5 $11 Bxc5 {[%emt 0:00:07][%mdl 4096] Endgame KRB-KRN} 41. Nb3 (41. Ne2 $1 $11) 41... Bb6 $17 ({But not} 41... Rxb5 $6 42. Rxd5 Rxb3 43. Rxc5 $11) 42. f4 Rxb5 43. Kf3 ({White should try} 43. Nd2) 43... Ke7 44. g4 Ke6 45. Nd2 Rb2 (45... Bc5 $19 {Strongly threatening ...Rb2.} 46. Kg3 hxg4 47. Kxg4 d4) 46. Rb3 $2 {[%emt 0:00:43][%mdl 8192] White does not recover from this.} (46. Kg3 $15) 46... Rxb3+ 47. Nxb3 hxg4+ 48. Kxg4 $19 {[%emt 0:00:02] KB-KN} d4 49. Nc1 (49. Nd2 $142 Bd8 50. Nf3) 49... Kd5 {[%emt 0:00:18] And now ...Kc4 would win.} 50. h5 gxh5+ 51. Kxh5 Ke4 52. Kg4 d3 {[%emt 0:00:18] Weighted Error Value: White=0.56/Black=0.15 (very precise)} 0-1